 Dungeon Crawl Stone Soup version 0.21.3-3-g218456f21e (webtiles) character file.

56 BrokenGlass the Skirmisher (level 3, -7/26 HPs)
             Began as an Octopode Wanderer on Apr 18, 2023.
             Mangled by Terence
             ... wielding a +2 falchion of electrocution
              (13 damage)
             ... on level 2 of the Dungeon.
             The game lasted 00:02:47 (1604 turns).

BrokenGlass the Skirmisher (Octopode Wanderer)      Turns: 1604, Time: 00:02:48

Health: -7/26      AC:  1    Str: 14    XL:     3   Next: 97%
Magic:  3/3        EV: 12    Int: 11    God:
Gold:   114        SH:  0    Dex: 12    Spells: 2/2 levels left

rFire    + . .     SeeInvis .     - Unarmed
rCold    x . .     Gourm    .   (no shield)
rNeg     . . .     Faith    .   (helmet restricted)
rPois    .         Spirit   .   (no amulet)
rElec    .         Reflect  .   (no ring)
rCorr    .         Harm     .   p - ring of fire
MR       .....                  h - ring of stealth
Stlth    ++++......             (no ring)
HPRegen  0.08/turn              (no ring)
MPRegen  0.08/turn              (no ring)
                                (no ring)
                                (no ring)

@: no status effects
A: almost no armour, stealthy swim, amphibious, 8 rings, constrict 8, camouflage
1, gelatinous body 1
a: no special abilities


You were on level 2 of the Dungeon.
You were near starving.

You visited 1 branch of the dungeon, and saw 2 of its levels.

You collected 114 gold pieces.

Inventory:

Hand Weapons
 a - a +1 dagger of draining
 m - a +1 whip of freezing
Jewellery
 h - a ring of stealth (on tentacle)
 p - a ring of fire (right tentacle)
Scrolls
 g - a scroll of remove curse
 j - a scroll of fog {unknown}
 l - a scroll of teleportation {unknown}
 n - a scroll of blinking {unknown}
 q - 2 scrolls of fear
 r - a scroll of identify {unknown}
Potions
 b - a potion of invisibility {unknown}
 c - 4 potions of curing
 d - 3 potions of lignification {unknown}
 e - a potion of berserk rage
 i - a potion of brilliance {unknown}
 k - 2 potions of cancellation {unknown}
 o - 4 potions of heal wounds {unknown}
Comestibles
 f - 4 rations


   Skills:
 - Level 3.6 Fighting
 + Level 0.1 Short Blades
 - Level 1.0 Dodging
 + Level 2.8 Stealth
   Level 1.0 Shields
 - Level 3.5 Unarmed Combat
   Level 1.1 Evocations


You had 2 spell levels left.
You didn't know any spells.

Dungeon Overview and Level Annotations

Branches:
Dungeon (2/15)

Altars:
Trog
Vehumet

Annotations:
D:2 1 runed door, Terence


Innate Abilities, Weirdness & Mutations

You cannot wear most types of armour.
You are very stealthy in the water. (Stealth+)
You are amphibious.
You can wear up to eight rings at the same time.
You can use your tentacles to constrict eight enemies at once.
Your skin changes colour to match your surroundings (Stealth+).
Your rubbery body absorbs attacks. (AC +1, EV +1)


Message History

Terence is severely wounded.
You constrict Terence, but do no damage.
Terence hits you with a falchion of electrocution.
Unknown command.
Unknown command.
You tentacle-slap Terence but do no damage.
You squeeze Terence.
Terence is severely wounded.
You constrict Terence. Terence closely misses you.
Unknown command.
Unknown command.
You tentacle-slap Terence but do no damage.
You tentacle-slap Terence, but do no damage.
Terence is almost dead.
You constrict Terence, but do no damage.
Terence hits you with a falchion of electrocution.
* * * LOW HITPOINT WARNING * * *
You are electrocuted!
Ouch! That really hurt!
You die...

#.....##.........##(#
########.........##.#
#g........##.#
##........##.##
#........##.#.
####.######.#. #.##.......
###########.##.###..#
+..@@.....#.##.......
######.......#.......
#.......#...###.
#.......#.......
#######....[..#....#..
#........(....#....#..
#.............#....#..
######.............#....#..
#..........#.......#....#..


You could see Terence.

Vanquished Creatures
  Natasha (D:2)
  An adder (D:2)
  A dart slug (D:1)
  2 leopard geckos
  A ball python (D:2)
  5 bats
  2 goblins
  A hobgoblin (D:2)
  2 kobolds (D:1)
  2 frilled lizards (D:1)
  A rat (D:1)
19 creatures vanquished.

Notes
Turn   | Place    | Note
-------+----------+-------------------------------------------
     0 | D:1      | BrokenGlass the Octopode Wanderer began the quest for the Orb.
     0 | D:1      | BrokenGlass set off with: a scroll of fear, a potion of berserk rage, 2 potions of curing, a +0 club, a +0 dagger, a ration
     0 | D:1      | Reached XP level 1. HP: 16/16 MP: 1/1
   323 | D:1      | Reached XP level 2. HP: 21/21 MP: 2/2
   609 | D:2      | Found a runed door.
   687 | D:2      | Reached XP level 3. HP: 20/26 MP: 3/3
   857 | D:2      | Found a radiant altar of Vehumet.
   857 | D:2      | Found a bloodstained altar of Trog.
   938 | D:2      | Noticed Natasha
   946 | D:2      | Killed Natasha
  1322 | D:2      | Noticed Terence
  1604 | D:2      | Mangled by Terence

Skill      XL: |  1  2 |
---------------+-------+-----
Unarmed Combat | 3 |  3.5
Fighting       | |  3.6
Short Blades   | |  0.1
Dodging        | |  1.0
Stealth        | |  2.8
Shields        | |  1.0
Evocations     | |  1.1

Action                   || total
-------------------------++-------
Melee: Unarmed           ||    47
       Constrict         ||    17
       Tentacles         ||    10
       Dagger            ||     9
       Punch             ||     2
  Use: Scroll            ||     1
 Stab: Sleeping          ||     8
Armor: Skin              ||     8
Dodge: Dodged            ||    43
